AoeStats
← Vicho

Nomad

506756013Analyzed
2v2 RM · 16d ago on Sep 15, 2026· 64m 38s· 4 players
Game mode
Random Map
Map size
176×176
Population
200
Speed
Normal
Resources
Standard
Victory
Conquest
Starting age
Dark Age
Ending age
Imperial Age
RankedLock teamsTeams togetherTeam positionsShared explorationLock speedFull tech treeHidden civsTurbo modeCheats
Victory
Defeat
🇩🇪 Britons · Germany
610
+17
🇧🇷 Wu · Brazil
566
+19
🇨🇱 Romans · Chile
625
-18
🇨🇱 Byzantines · Chile
623
-18
maxbrinkmann95
12:44 Loom
14:34 Loom
17:16 Feudal Age
18:37 Double-Bit Axe
19:49 Wheelbarrow
22:15 Castle Age
21:10 Stone Mining
21:32 Fishing Lines
26:18 Hand Cart
26:49 Town Watch
27:18 Treadmill Crane
28:04 Town Patrol
28:29 Gold Mining
32:16 Imperial Age
31:40 Pikeman
33:27 Conscription
34:01 Bow Saw
35:46 Gold Shaft Mining
35:15 Warwolf
35:27 Horse Collar
35:15 Elite Longbowman
38:25 Two-Man Saw
37:29 Heavy Plow
37:35 Padded Archer Armor
41:13 Fortified Wall
41:14 Masonry
43:43 Chemistry
42:49 Siege Engineers
43:15 Architecture
42:44 Fletching
43:09 Leather Archer Armor
43:36 Yeomen
44:34 Halberdier
45:16 Squires
45:02 Gambesons
45:54 Ring Archer Armor
45:19 Bodkin Arrow
49:38 Arson
54:15 Hoardings
54:22 Cavalier
55:03 Husbandry
56:27 Ballistics
56:13 Bracer
56:24 Forging
56:20 Scale Barding Armor
Wendell, O Malakoi
4:08 Loom
22:00 Feudal Age
22:49 Horse Collar
23:59 Wheelbarrow
24:37 Town Watch
25:39 Gold Mining
25:51 Scale Mail Armor
25:56 Scale Barding Armor
25:15 Man-at-Arms
28:24 Forging
28:18 Padded Archer Armor
28:08 Fletching
28:04 Fishing Lines
28:35 Double-Bit Axe
29:06 Arson
32:36 Castle Age
30:50 Stone Mining
34:40 Stone Shaft Mining
34:37 Town Patrol
34:11 Demolition Ship
35:07 Bow Saw
35:15 Heavy Plow
35:42 Caravan
36:03 Bodkin Arrow
37:22 Pikeman
38:04 Squires
39:52 Gold Shaft Mining
39:24 Gillnets
44:09 Light Cavalry
45:21 Red Cliffs Tactics
50:51 Imperial Age
51:19 Imperial Age
50:27 Redemption
50:19 Devotion
50:23 Husbandry
50:34 Bloodlines
49:46 Elite Skirmisher
49:47 Crossbowman
51:11 Siphons
51:28 Ballistics
52:40 Halberdier
52:43 Long Swordsman
54:01 Iron Casting
53:43 Chain Mail Armor
53:48 Chain Barding Armor
53:44 Leather Archer Armor
53:29 Bracer
54:31 Hand Cart
55:10 Guilds
56:57 Plate Mail Armor
61:18 Fervor
61:08 Atonement
61:29 Sanctity
61:29 Faith
61:35 Illumination
61:06 Herbal Medicine
61:46 Theocracy
61:02 Heavy Demolition Ship
61:53 Medium Warships
62:14 Clinker Construction
62:16 Masonry
62:43 Plate Barding Armor
63:09 Blast Furnace
61:51 Treadmill Crane
62:02 Heated Shot
63:15 Chemistry
62:11 Murder Holes
62:08 Guard Tower
64:23 Two-Man Saw
65:17 Architecture
Vicho
6:10 Loom
17:46 Feudal Age
18:13 Double-Bit Axe
35:47 Castle Age
33:59 Horse Collar
36:41 Husbandry
37:19 Fishing Lines
40:38 Bow Saw
42:10 Scale Barding Armor
44:24 Light Cavalry
48:18 Imperial Age
46:05 Demolition Ship
50:33 Cavalier
52:57 Gold Mining
61:27 Two-Man Saw
Whalter
19:12 Feudal Age
31:04 Castle Age
29:00 Double-Bit Axe
28:58 Horse Collar
34:27 Gold Mining
34:31 Stone Mining
41:39 Imperial Age
44:05 Chemistry
43:58 Gold Shaft Mining
46:51 Wheelbarrow
45:43 Heavy Scorpion
46:49 Ballistics
53:47 Hand Cart
55:36 Ballistas
Connection lost

Rejoining the realm…

Still unreachable

The connection could not be restored.

Session expired

The server has moved on; the page needs a fresh start.